 Dungeon Crawl Stone Soup version 0.21-a0-444-g29a2fec (webtiles) character file.

10908 Ijustatesigmund the Basher (level 11, -2/78 HPs)
             Began as an Octopode Artificer on Nov 17, 2017.
             Was a High Priest of Okawaru.
             Slain by an ice beast (5 damage)
             ... summoned by an ice statue
             ... in an ice cave.
             The game lasted 00:43:07 (13739 turns).

Ijustatesigmund the Basher (Octopode Artificer)    Turns: 13739, Time: 00:43:09

Health: -2/78      AC:  3    Str: 14    XL:     11   Next: 69%
Magic:  0/15       EV: 19    Int: 20    God:    Okawaru [*****.]
Gold:   515        SH: 31    Dex: 16    Spells: 14/14 levels left

rFire    . . .     SeeInvis .   u - +5 mace
rCold    . . .     Gourm    .   D - +18 shield of the Gong {rElec rN+ MR+ EV-5}
rNeg     + . .     Faith    .   E - +1 hat
rPois    .         Spirit   +   i - amulet of guardian spirit
rElec    +         Reflect  .   x - +3 ring of strength
rCorr    .         Harm     .   r - +4 ring of intelligence
MR       +....                  e - +1 ring of protection
Stlth    ++++++....             B - +2 ring of intelligence
HPRegen  0.23/turn              K - +4 ring of evasion
MPRegen  0.14/turn              (no ring)
                                (no ring)
                                (no ring)

@: heroism
A: almost no armour, stealthy swim, amphibious, 8 rings, constrict 8, camouflage
1, blink, gelatinous body 1, MP-powered wands
a: Blink, Heroism, Finesse, Renounce Religion


You were in an ice cave.
You worshipped Okawaru.
Okawaru was extremely pleased with you.
You were not hungry.

You visited 2 branches of the dungeon, and saw 12 of its levels.
You also visited: Ice Cave.

You collected 647 gold pieces.
You spent 132 gold pieces at shops.

Inventory:

Hand Weapons
 u - a +5 mace (weapon)
 L - the +6 falchion of Myxonkoqo {flame, Int+2, unknown}
   (You found it in an ice cave)

   It has been specially enchanted to burn those struck by it, causing extra
   injury to most foes and up to half again as much damage against particularly
   susceptible opponents.
   Big, fiery blades are also staple armaments of hydra-hunters.
   It affects your intelligence (+2).
Missiles
 I - a throwing net (quivered)
Armour
 g - a +0 large shield
 D - the +18 shield of the Gong (worn) {rElec rN+ MR+ EV-5}
   (You acquired it on level 8 of the Dungeon)

   It affects your evasion (-5).
   It insulates you from electricity.
   It protects you from negative energy.
   It affects your resistance to hostile enchantments.
 E - a +1 hat (worn)
Jewellery
 e - a +1 ring of protection (on tentacle)
 i - an amulet of guardian spirit (around mantle)
 r - a +4 ring of intelligence (right tentacle)
 x - a +3 ring of strength (left tentacle)
 B - a +2 ring of intelligence (on tentacle)
 K - a +4 ring of evasion (on tentacle)
Wands
 b - a wand of flame (11/48)
 c - a wand of enslavement (5/24)
 d - a wand of random effects (14/48)
 m - a wand of paralysis (1/24)
 n - a wand of confusion (22/48)
 p - a wand of iceblast (2/15)
 y - a wand of random effects (14/48)
 C - a wand of digging (15/24)
 F - a wand of acid (12/15)
 G - a wand of confusion (26/48)
Scrolls
 a - a scroll of magic mapping
 w - 8 scrolls of remove curse
 H - a scroll of identify
 J - 3 scrolls of teleportation
Potions
 h - 2 potions of cancellation
 j - a potion of flight
 k - a potion of lignification
 s - 2 potions of agility
 t - a potion of brilliance
 v - 3 potions of curing
 z - 2 potions of degeneration {unknown}
Books
 A - a book of Callings

   Spells                             Type                      Level
   a - Summon Small Mammal            Summoning                    1
   b - Call Imp                       Summoning                    2
   c - Call Canine Familiar           Summoning                    3
   d - Summon Guardian Golem          Hexes/Summoning              3
   e - Summon Lightning Spire         Summoning/Air                4
   f - Summon Ice Beast               Ice/Summoning                4
Comestibles
 f - 11 bread rations
 l - 4 royal jellies
 o - 8 chunks of flesh
 q - 4 meat rations


   Skills:
 + Level 8.5(13.5) Fighting
   Level 1.0(6.0) Short Blades
 + Level 10.0(15.0) Maces & Flails
 + Level 5.4(10.4) Dodging
 - Level 5.7(10.7) Stealth
 + Level 8.7(13.7) Shields
 - Level 2.1 Spellcasting
 - Level 5.6 Invocations
 - Level 4.3 Evocations


You had 14 spell levels left.
You didn't know any spells.

Dungeon Overview and Level Annotations

Branches:
Dungeon (11/15)            Temple (1/1) D:7            Lair (0/6) D:9
    Orc: D:9-12

Altars:
Ashenzari
Cheibriados
Dithmenos
Elyvilon
Fedhas
Gozag
Hepliaklqana
Kikubaaqudgha
Makhleb
Nemelex Xobeh
Okawaru
Qazlal
Ru
Sif Muna
Trog
Uskayaw
Vehumet
Wu Jian
Xom
Yredelemnul
Zin
The Shining One

Shops:
D:6 !

Annotations:
IceCv exclusion: ice statue


Innate Abilities, Weirdness & Mutations

You cannot wear most types of armour.
You are very stealthy in the water. (Stealth+)
You are amphibious.
You can wear up to eight rings at the same time.
You can use your tentacles to constrict eight enemies at once.
Your skin changes colour to match your surroundings (Stealth+).
Your rubbery body absorbs attacks. (AC +1, EV +1)
You can translocate small distances at will.
You expend magic power (3 MP) to strengthen your wands.


Message History

The ice statue is lightly damaged.
You are engulfed in freezing vapours.
The ice statue gestures at you. You block the shard of ice.
GONNNNG!
You hear a bellow! x5; You hear an angry growl. x3
You fail to use your ability.
You are engulfed in freezing vapours.
* * * LOW HITPOINT WARNING * * *
You block the ice beast's attack.
GONNNNG!
You block the ice beast's attack.
PTOANNNG!
You hear a bellow! x4; You hear an angry growl.
You hit the ice statue.
You squeeze the ice statue, but do no damage.
The ice statue is lightly damaged.
You are engulfed in freezing vapours.
* * * LOW HITPOINT WARNING * * *
The ice beast hits you.
* * * LOW HITPOINT WARNING * * *
The ice beast freezes you.
You die...

,,,,,,,,,****,,,,*,,,,**≈≈≈≈≈#..#
*****,,,**≈*,,***,########*≈##.##
≈≈≈*,,***≈**,,,**##§§§§#.####..##
≈≈≈*,,* ***,,***##§§#§§§..##§.##.
***,,****,,***≈≈#.§####§.##.§##.#
,**,****,,**≈≈≈≈#†.###..##.§§§#..
,,,****,,**≈≈≈≈##Y..##..###§§#†##
**** *,,,***≈≈##Y8.##...####..###
** *,,*,,***#§@Y####...####..##
≈*** **,*,,,**###.#,*###...##...#
≈≈≈** **,**,,,**.#=#*≈≈##...##..#
≈≈≈≈* *******,,.,##≈≈≈≈##......#
≈≈≈** **##***≈≈≈≈≈###...## ****
******* #####


You could see an ice statue and 3 ice beasts.

Vanquished Creatures
  Gastronok (D:8)
  Erolcha (D:9)
  Erica (D:10)
  2 two-headed ogres
  Grum (D:9)
  A manticore (D:11)
  Psyche (D:9)
  3 polar bears (IceCv)
  Prince Ribbit (D:7)
  Sigmund (D:4)
  3 yaks (IceCv)
  A hungry ghost (D:10)
  A porcupine (D:9)
  2 orc warriors (D:7)
  2 sky beasts
  9 ice beasts
  4 ogres
  3 wolves
  8 centaurs
  A big kobold (D:8)
  5 bullfrogs
  2 scorpions
  6 killer bees (D:8)
  6 wights
  3 crimson imps (D:6)
  2 bullfrog zombies
  3 hounds
  2 jellies
  3 centaur skeletons
  Crazy Yiuf (D:3)
  A bullfrog skeleton (D:5)
  3 iguanas
  Ijyb (D:3)
  10 worker ants
  A hound skeleton (D:5)
  A worker ant zombie (D:9)
  2 gnolls (D:3)
  10 adders
  3 shadow imps
  An ooze (D:5)
  2 adder zombies
  An adder skeleton (D:5)
  2 worms
  5 leopard geckos
  27 orcs
  4 bats
  7 giant cockroaches
  7 hobgoblins
  10 jackals
  2 quokkas (D:5)
  5 frilled lizards
  3 goblins
  3 kobolds
  2 leopard gecko skeletons
  6 rats
199 creatures vanquished.

Vanquished Creatures (collateral kills)
  A porcupine (D:9)
  A black bear (D:6)
  A gnoll (D:3)
3 creatures vanquished.

Vanquished Creatures (others)
  A polar bear (IceCv)
  2 porcupines (D:9)
  2 yaks
  A black bear (D:9)
  6 wolves (IceCv)
  A wight (D:6)
  An adder (D:3)
  An orc (D:3)
  8 fungi (D:9)
  2 plants (D:9)
25 creatures vanquished.

Grand Total: 227 creatures vanquished

Notes
Turn   | Place    | Note
-------+----------+-------------------------------------------
     0 | D:1      | Ijustatesigmund the Octopode Artificer began the quest for the Orb.
     0 | D:1      | Reached XP level 1. HP: 13/13 MP: 3/3
   303 | D:1      | You fall through a shaft!
   511 | D:1      | Reached XP level 2. HP: 19/19 MP: 4/4
  1048 | D:2      | Reached XP level 3. HP: 16/26 MP: 5/5
  1982 | D:3      | Reached XP level 4. HP: 33/33 MP: 6/6
  2195 | D:3      | Found a shimmering altar of Xom.
  2202 | D:3      | Found a shimmering altar of Xom.
  2203 | D:3      | Found a shimmering altar of Xom.
  2567 | D:3      | Noticed Ijyb
  2589 | D:3      | Killed Ijyb
  2900 | D:3      | Reached XP level 5. HP: 34/38 MP: 7/7
  3500 | D:3      | Found a runed door.
  3504 | D:3      | Noticed Crazy Yiuf
  3508 | D:3      | Killed Crazy Yiuf
  4047 | D:4      | Noticed Sigmund
  4061 | D:4      | Killed Sigmund
  4061 | D:4      | Reached skill level 2 in Maces & Flails
  4061 | D:4      | Reached XP level 6. HP: 25/45 MP: 8/8
  5014 | D:5      | Entered Level 5 of the Dungeon
  5027 | D:5      | Reached skill level 3 in Maces & Flails
  5027 | D:5      | Reached XP level 7. HP: 35/49 MP: 9/9
  5763 | D:5      | Reached skill level 1 in Shields
  5835 | D:5      | Reached skill level 4 in Maces & Flails
  6044 | D:5      | Found a glowing silver altar of Zin.
  6182 | D:5      | Found a glowing silver altar of Zin.
  6194 | D:5      | Gained mutation: Your system is resistant to poisons. (rPois) [mutagenic meat]
  6195 | D:5      | Gained mutation: You are resistant to electric shocks. (rElec) [mutagenic meat]
  6283 | D:5      | Reached XP level 8. HP: 49/54 MP: 10/10
  6521 | D:6      | Reached skill level 5 in Maces & Flails
  7106 | D:6      | Found Oralu's Distillery.
  7114 | D:6      | Bought a potion of mutation for 96 gold pieces
  7114 | D:6      | Bought a potion of curing for 36 gold pieces
  7114 | D:6      | Lost mutation: Your system is resistant to poisons. (rPois) [potion of mutation]
  7114 | D:6      | Gained mutation: Your spells are a little harder to cast, but a little more powerful. [potion of mutation]
  7114 | D:6      | Gained mutation: You do not regenerate when monsters are visible. [potion of mutation]
  7114 | D:6      | Gained mutation: You are partially covered in yellow scales. (AC +2) [potion of mutation]
  7115 | D:6      | Lost mutation: Your spells are a little harder to cast, but a little more powerful. [potion of mutation]
  7115 | D:6      | Lost mutation: You do not regenerate when monsters are visible. [potion of mutation]
  7115 | D:6      | Lost mutation: You are resistant to electric shocks. (rElec) [potion of mutation]
  7115 | D:6      | Gained mutation: Scrolls take you a little longer to read. [potion of mutation]
  7115 | D:6      | Gained mutation: You are partially covered in slimy green scales. (AC +2) [potion of mutation]
  7116 | D:6      | Lost mutation: Scrolls take you a little longer to read. [potion of mutation]
  7116 | D:6      | Lost mutation: You are partially covered in yellow scales. (AC +2) [potion of mutation]
  7116 | D:6      | Lost mutation: You are partially covered in slimy green scales. (AC +2) [potion of mutation]
  7116 | D:6      | Gained mutation: You expend magic power (3 MP) to strengthen your wands. [potion of mutation]
  7116 | D:6      | Gained mutation: You can translocate small distances at will. [potion of mutation]
  7259 | D:6      | Reached skill level 6 in Maces & Flails
  7595 | D:6      | Reached skill level 5 in Shields
  7818 | D:6      | Reached XP level 9. HP: 44/60 MP: 11/11
  7855 | D:6      | Reached skill level 7 in Maces & Flails
  7980 | D:7      | Found a staircase to the Ecumenical Temple.
  7995 | Temple   | Entered the Ecumenical Temple
  8278 | Temple   | Became a worshipper of Warmaster Okawaru
  8327 | D:7      | Noticed Prince Ribbit
  8335 | D:7      | Killed Prince Ribbit
  8471 | D:7      | Found an ornate altar of the Wu Jian Council.
  8871 | D:7      | Reached skill level 1 in Invocations
  9730 | D:8      | Found a shimmering altar of Xom.
  9816 | D:8      | Reached skill level 5 in Fighting
  9898 | D:8      | Noticed a two-headed ogre
  9903 | D:8      | Reached * piety under Okawaru
  9927 | D:8      | Killed a two-headed ogre
  9927 | D:8      | Reached skill level 8 in Maces & Flails
 10041 | D:8      | Reached XP level 10. HP: 24/68 MP: 4/12
 10222 | D:8      | Identified a scroll of acquirement
 10223 | D:8      | Found the +18 shield of the Gong {rElec rN+ MR+ EV-5}
 10335 | D:8      | Reached ** piety under Okawaru
 10380 | D:8      | Noticed Gastronok
 10400 | D:8      | Killed Gastronok
 10400 | D:8      | Reached skill level 9 in Maces & Flails
 10400 | D:8      | Reached skill level 5 in Invocations
 10623 | D:8      | Found a burning altar of Makhleb.
 11059 | D:9      | Noticed Erolcha
 11060 | D:9      | Found a staircase to the Lair.
 11073 | D:9      | Noticed Grum
 11089 | D:9      | Killed Erolcha
 11089 | D:9      | Reached skill level 5 in Stealth
 11089 | D:9      | Reached skill level 1 in Spellcasting
 11094 | D:9      | Reached XP level 11. HP: 45/75 MP: 10/15
 11114 | D:9      | Killed Grum
 11114 | D:9      | Reached *** piety under Okawaru
 11418 | D:9      | Noticed Psyche
 11428 | D:9      | Killed Psyche
 12008 | D:10     | Entered Level 10 of the Dungeon
 12345 | D:10     | Noticed Erica
 12355 | D:10     | Killed Erica
 12588 | D:10     | Noticed a two-headed ogre
 12610 | D:10     | Killed a two-headed ogre
 12610 | D:10     | Reached **** piety under Okawaru
 13107 | D:11     | Found a frozen archway.
 13140 | D:10     | Reached skill level 5 in Dodging
 13206 | D:11     | Noticed a manticore
 13501 | D:11     | Killed a manticore
 13506 | IceCv    | Entered an ice cave
 13529 | IceCv    | Reached skill level 10 in Maces & Flails
 13546 | IceCv    | Reached ***** piety under Okawaru
 13716 | IceCv    | Got a polished falchion
 13739 | IceCv    | HP: 3/78 [ice beast[an ice statue] (1)]
 13739 | IceCv    | Slain by an ice beast

Vault maps used:
D:1:      giann_horns
D:3:      first_bread, xom_redecorated, uniq_ijyb, uniq_crazy_yiuf_cottage
D:4:      uniq_sigmund
D:5:      zin_statuary, basic_altar
D:6:      kennysheep_windowed_halls, serial_shops, shop,
          hangedman_decor_slide_cut
D:7:      minmay_temple_entry_glass, basic_altar, kennysheep_generic_room_11,
          uniq_prince_ribbit1
D:8:      basic_altar, grunt_ogre_cave, lemuel_centaur_altar, uniq_gastronok
D:9:      due_lair_maze_entry_diamond, uniq_grum, uniq_psyche, uniq_erolcha
D:10:     kennysheep_cross_room, uniq_erica
D:11:     erik_orc_1, portal_ice_cave_entry_ice_beasts, minmay_hedge_maze,
          uniq_nergalle
Temple:   roderic_octagonal_lattice_temple
IceCv:    ice_cave_caverns_02

Skill      XL: |  1  2  3  4  5  6  7  8  9 10 11 |
---------------+----------------------------------+-----
Fighting       | 2 3 4 5 7 8 |  8.5
Stealth        | 3 4 5 |  5.7
Maces & Flails | 2 3 4 6 8 9 10 | 10.0
Dodging        | 3 5 |  5.4
Shields        | 2 5 7 8 |  8.7
Invocations    | 3 5 |  5.6
Spellcasting   | 1 2 |  2.1
Evocations     | 4 |  4.3
Short Blades   | |  1.0

Action                   |  1- 3 |  4- 6 |  7- 9 | 10-12 || total
-------------------------+-------+-------+-------+-------++-------
Melee: Short sword       |    11 |       |       |       ||    11
       Dagger            |    43 |    59 |       |       ||   102
       Constrict         |    12 |    20 |    51 |    20 ||   103
       Tentacles         |     6 |    20 |    44 |    54 ||   124
       Mace              |       |    27 |   233 |   243 ||   503
       Punch             |       |       |       |     4 ||     4
Invok: Heroism           |       |       |       |     9 ||     9
 Abil: Blink             |       |       |     2 |     6 ||     8
Evoke: Wand              |     1 |     3 |     8 |    11 ||    23
  Use: Scroll            |     4 |     6 |     3 |    10 ||    23
       Potion            |       |     2 |     9 |     4 ||    15
 Stab: Sleeping          |     8 |     5 |    17 |    11 ||    41
       Paralysed         |       |     2 |     4 |       ||     6
       Distracted        |       |       |     1 |     1 ||     2
  Eat: Chunk             |     5 |    13 |    15 |     6 ||    39
       Fruit             |       |       |       |     6 ||     6
       Royal jelly       |       |       |       |     1 ||     1
Armor: Skin              |     2 |     3 |     7 |     8 ||    20
Dodge: Dodged            |    30 |    52 |    83 |    76 ||   241
Block: Large shield      |       |       |   121 |    83 ||   204
       Shield            |       |       |       |   231 ||   231

Table legend:
 A = Spawn XP
 B = Non-spawn XP
 C = Spawn XP percentage of total XP
 D = Spawn monster count
 E = Non-spawn monster count
 F = Spawn count percentage of total count
 G = Total turns spent on level
                    A         B        C        D         E        F      G
               +---------+---------+-------+---------+---------+-------+---------
         Total |       0 |   15583 |   0.0 |       0 |     204 |   0.0 | 13739
               +---------+---------+-------+---------+---------+-------+---------
           D:1 |       0 |      24 |   0.0 |       0 |      13 |   0.0 |   936
           D:2 |       0 |      50 |   0.0 |       0 |      16 |   0.0 |  1157
           D:3 |       0 |     160 |   0.0 |       0 |      25 |   0.0 |  1468
           D:4 |       0 |     373 |   0.0 |       0 |       5 |   0.0 |  1597
           D:5 |       0 |     602 |   0.0 |       0 |      27 |   0.0 |  1276
           D:6 |       0 |    1421 |   0.0 |       0 |      31 |   0.0 |  1526
           D:7 |       0 |     812 |   0.0 |       0 |      13 |   0.0 |  1420
           D:8 |       0 |    4592 |   0.0 |       0 |      25 |   0.0 |  1313
           D:9 |       0 |    2478 |   0.0 |       0 |      15 |   0.0 |  1007
          D:10 |       0 |    3309 |   0.0 |       0 |      23 |   0.0 |  1473
          D:11 |       0 |     808 |   0.0 |       0 |       4 |   0.0 |    25
         IceCv |       0 |     954 |   0.0 |       0 |       7 |   0.0 |   233
               +---------+---------+-------+---------+---------+-------+---------
